 Dungeon Crawl Stone Soup version 0.31-a0-431-g88bdf31460 (webtiles) character file.

Game seed: 11608911871695320015

212 Maxmaps the Sneak (level 5, 0/55 HPs)
             Began as an Octopode Shapeshifter on Aug 1, 2023.
             Slain by a gnoll
             ... wielding a +0 whip
             ... led by a gnoll bouda
              (3 damage)
             ... on level 3 of the Dungeon.
             The game lasted 00:02:52 (2743 turns).

Maxmaps the Sneak (Octopode Shapeshifter)           Turns: 2743, Time: 00:02:52

Health: 0/55       AC: 22    Str: 15    XL:     5   Next: 90%
Magic:  5/5        EV:  2    Int: 12    God:
Gold:   133        SH:  0    Dex: 12    Spells: 4/4 levels left

rFire   . .          .
                       - Unarmed
rCold   . . .        (no shield)
rNeg    . . .        (helmet currently unavailable)
rPois   +            (no amulet)
rElec   .            (no ring)
rCorr   .            (no ring)
SInv    .            (no ring)
Will    .....        (no ring)
Stlth   +++          (no ring)
HPRegen 0.29/turn    (no ring)
MPRegen 0.09/turn    (no ring)
                     (no ring)

%: no passive effects
@: tree-form, weakened
A: stationary, stasis, torment immunity, boosted hp, almost no armour,
(amphibious), 8 rings, (camouflage 1), (gelatinous body 1), (nimble swimmer 1),
(tentacles)
a: no special abilities


You were on level 3 of the Dungeon.
You were a tree.
You visited 1 branch of the dungeon, and saw 4 of its levels.

You collected 155 gold pieces.
You spent 22 gold pieces at shops.

Inventory:

Jewellery
 i - an amulet of the acrobat
Talismans
 b - a beast talisman
 f - a dragon-blood talisman
Scrolls
 c - a scroll of vulnerability
 d - 2 scrolls of enchant armour
 e - a scroll of identify
 g - a scroll of teleportation
 h - a scroll of fog {unknown}
 l - a scroll of noise {unknown}
 o - a scroll of brand weapon {unknown}
Potions
 j - a potion of degeneration {unknown}
 k - a potion of berserk rage {unknown}
 m - 3 potions of curing {unknown}
 n - a potion of enlightenment {unknown}
 p - a potion of attraction {unknown}


   Skills:
 - Level 4.0 Fighting
 - Level 2.0 Dodging
 + Level 5.3 Stealth
 - Level 3.0 Unarmed Combat
 - Level 3.0 Shapeshifting


You had 4 spell levels left.
You didn't know any spells.
Your spell library contained the following spells:

 Spells                   Type           Power      Damage    Failure   Level
 Shock                    Conj/Air       0%         1d3       32%         1
 Swiftness                Air            0%         N/A       69%         3
 Airstrike                Air            0%         2d(0-16)  97%         4


Dungeon Overview and Level Annotations

Branches:
Dungeon (4/15)
 Temple: D:4-7

Altars:
Dithmenos

Shops:
D:1 ?


Innate Abilities, Weirdness & Mutations

You are a tree.
Your roots penetrate the ground, keeping you stationary.
You cannot be teleported.
You are immune to unholy pain and torment.
Your maximum health is greatly increased.
You cannot wear most types of armour.
((You are amphibious.))
You can wear up to eight rings at the same time.
((Your skin changes colour to match your surroundings (Stealth+).))
((Your rubbery body absorbs attacks. (AC +1, EV +1)))
((You are camouflaged when in or above water. (Stealth+)))
((You have tentacles for arms and can constrict up to eight enemies at once.))


Message History

The gnoll's wounds heal themselves!
The gnoll hits you with a +0 whip.
* * * LOW HITPOINT WARNING * * *
You hit the gnoll.
The gnoll is moderately wounded.
The gnoll bouda hits you but does no damage.
The gnoll hits you with a +0 whip.
* * * LOW HITPOINT WARNING * * *
You barely miss the gnoll.
The gnoll is moderately wounded.
The gnoll bouda hits you but does no damage.
The gnoll hits you but does no damage.
You smack the gnoll!
The gnoll is almost dead.
The gnoll bouda calls upon its god to heal the gnoll.
The gnoll is healed somewhat.
The gnoll hits you but does no damage.
You smack the gnoll!
You kill the gnoll!
The gnoll hits you but does no damage.
You smack the gnoll bouda!
The gnoll bouda is severely wounded.
The gnoll bouda gazes fiercely through you!
You feel your attacks grow feeble.
The gnoll bouda hits you but does no damage.
You hit the gnoll bouda.
You kill the gnoll bouda!
The gnoll hits you with a +0 whip.
* * * LOW HITPOINT WARNING * * *
The gnoll hits you but does no damage.
Your Stealth skill increases to level 5!
You closely miss the gnoll. The gnoll hits you but does no damage.
The gnoll hits you with a +0 flail.
* * * LOW HITPOINT WARNING * * *
You hit the gnoll.
The gnoll is moderately wounded.
The gnoll hits you but does no damage. x2
You smack the gnoll!
You kill the gnoll!
The gnoll barely misses you.
You barely miss the gnoll. The gnoll hits you with a +0 whip.
You die...

#.# #.###.#.#. #.#
#####.###..... ##.#
#.........#... ...#
#.###.###.###. #####
#.# #.#.<...#. ....#
#.# #.#.....#. ###.#
#.# #......... #.#
########>#####.....##
#.#
#..)♣)...##........#
#.#
#..g#######.###.#.##
#.# ###'### #.#
##.#### #.# #....#
#.# ####.. #.#
#######)#).# #.# #..
#.# #.....#..#.# #.#
#.. #.# #.#####....#
#.# ##. #.# #.#
###### #.# #. #.# #.#
#.# #.


You could see a gnoll (swift).

Vanquished Creatures
  A scorpion (D:3)
  A gnoll bouda (D:3)
  3 gnolls (D:3)
  2 adders
  A worm (D:3)
  3 dart slugs
  4 orcs (D:3)
  6 bats
  8 endoplasms
  3 giant cockroaches
  5 goblins
  4 hobgoblins
  6 jackals
  4 kobolds
  A quokka (D:3)
  3 ball pythons
  2 frilled lizards
  A rat (D:1)
58 creatures vanquished.

Notes
Turn   | Place    | Note
-------+----------+-------------------------------------------
     0 | D:1      | Maxmaps the Octopode Shapeshifter began the quest for the
                  | Orb.
     0 | D:1      | Reached XP level 1. HP: 13/13 MP: 1/1
    33 | D:1      | Reached XP level 2. HP: 4/19 MP: 2/2
   273 | D:1      | Found a faded altar of an unknown god.
   396 | D:1      | Found Uriz Lubb's Magic Scroll Boutique.
   399 | D:1      | Bought a scroll of identify for 22 gold pieces
   833 | D:2      | Reached XP level 3. HP: 25/25 MP: 3/3
  1259 | D:2      | Found a shadowy altar of Dithmenos.
  1756 | D:3      | Reached XP level 4. HP: 33/33 MP: 4/4
  2229 | D:3      | Noticed a scorpion
  2239 | D:3      | Killed a scorpion
  2240 | D:3      | Reached skill level 3 in Stealth
  2240 | D:3      | Reached XP level 5. HP: 12/37 MP: 5/5
  2646 | D:3      | Reached skill level 4 in Stealth
  2740 | D:3      | Reached skill level 5 in Stealth
  2740 | D:3      | HP: 2/55 [gnoll/+0 flail[a gnoll bouda] (5)]
  2743 | D:3      | Slain by a gnoll

Illustrated notes

Levels and vault maps discovered:
D:1:      eino_arrival_water_star, layout_loops_ring,
          ebering_ecumenical_altar_mist, serial_shops, nicolae_shop_behind_doors
D:2:      layout_loops_corners, basic_altar
D:3:      layout_loops_ring, kennysheep_generic_room_14
D:4:      layout_layer_cave, kennysheep_decorative_pillar

Skill      XL: |  1  2  3  4  5 |
---------------+----------------+-----
Fighting       | 2 3 4 |  4.0
Stealth        | 3 5 |  5.3
Dodging        | |  2.0
Unarmed Combat | |  3.0
Shapeshifting  | |  3.0

Action                     |  1- 3 |  4- 6 || total
---------------------------+-------+-------++-------
  Melee: Unarmed           |    65 |    57 ||   122
         Constrict         |    16 |    14 ||    30
         Tentacles         |    10 |     5 ||    15
         Punch             |     3 |     3 ||     6
    Use: Scroll            |     4 |       ||     4
         Potion            |       |     1 ||     1
   Stab: Sleeping          |     8 |     3 ||    11
 Armour: Skin              |     7 |    16 ||    23
  Dodge: Dodged            |    29 |    26 ||    55

Table legend: (Time is in decaauts)
 A = Elapsed time spent in this place.
 B = Non-inter-level travel time spent in this place.
 C = Inter-level travel time spent in this place.
 D = Time resting spent in this place.
 E = Time spent auto-exploring this place.
 F = Levels seen in this place.
 G = Mean time per level.
                   A        B        C        D        E       F      G
               +--------+--------+--------+--------+--------+-----+--------+
         Total |   2736 |   2703 |     33 |    235 |   2119 |   4 |  684.0 |
       Dungeon |   2736 |   2703 |     33 |    235 |   2119 |   4 |  684.0 |
               +--------+--------+--------+--------+--------+-----+--------+

Top non-repeatable levels by time:
     D:3: 1029 daAuts
     D:2: 887 daAuts
     D:1: 815 daAuts
     D:4: 3 daAuts
